Banto, lawful male human Samurai # ------- ------- |....<.########|.....| ------- ----------- |.....| #......| |.....+# |.........| |....).########|.....|#################......|# |.........| |.....| #|...`.|# # |.....|# |.........| -.-+--- #|......#################...)..|# -.--------- ### # #-------# ### |.....|# ## # ###########################-.....|# # ### # # ### #-------# # -------- # ### # # ### # # |!!!!!.| #### # # ### # # # |!!!!!.@@ --------.--- ### # # ### # # |!!!!!.|# |..........-0################### # # # # |!!!...|# |..........|### # ----------------# ### #-----|---- |!.....|# |...........# # # |...............## # #.......>.| --------### |..........| ### ##-..............|## |........| # |..........| # |...............#######.......[.| ##............#############+..............| ------|--- --|--------- ---------------- # # Banto the Ninja Experience level: 6 Strength: 18 Dexterity: 15 Constitution: 18 Intelligence: 10 Wisdom: 8 Charisma: 6 Health: 0(54) Energy: 26(26) AC: 1 Gold: 0 Moves: 1666 Your Inventory: Weapons b - an uncursed +3 wakizashi (weapon in hand) c - an uncursed +0 yumi d - 42 uncursed +0 ya (in quiver) Armor e - an uncursed rustproof +0 splint mail (being worn) k - a [cursed] +0 pair of iron shoes (being worn) E - an [uncursed] +0 oilskin cloak (being worn) Comestibles C - an [uncursed] tin [of spinach] G - an [uncursed] tripe ration Scrolls s - an [uncursed] scroll labeled EIRIS SAZUN IDISI [of enchant weapon] B - a [cursed] scroll labeled TEMOV [of enchant armor] D - a [blessed] scroll labeled EIRIS SAZUN IDISI [of enchant weapon] Potions f - an [uncursed] slimy potion [of object detection] o - a [blessed] milky potion [of paralysis] v - an [uncursed] emerald potion [of levitation] x - an [uncursed] murky potion [of sickness] Rings y - a [cursed +1] black onyx ring [of gain intelligence] Wands g - an [uncursed] crystal wand [of teleportation (0:8)] h - a [cursed] marble wand [of polymorph (0:8)] Tools i - 3 [cursed tallow] candles r - an [uncursed +0] pick-axe t - an [uncursed magic] lamp Gems l - a [cursed] red gem [worthless glass] m - an [uncursed] yellow gem [worthless glass] n - an [uncursed] yellowish brown gem [worthless glass] Spells known in the end: Name Level Category Fail Memory Your skills at the end: Fighting Skills martial arts [Basic / Master] Weapon Skills short sword [Basic / Expert] long sword [Basic / Expert] bow [Basic / Expert] Spellcasting Skills Final Attributes: You were devoutly aligned. Hunger level was 392. Your alignment was 18 / 18. Monster difficulty range was 0 - 4. Level difficulty was 3. You were fast. Your luck was zero. You are dead. Vanquished creatures: a shrieker 3 gnome lords 3 dwarves 2 rothes a giant bat an iguana an acid blob 2 hobbits a yellow mold a red mold 23 gnomes a gnome zombie 2 geckos 2 jackals a sewer rat 5 grid bugs a lichen a kobold zombie 2 newts 54 creatures vanquished. Voluntary challenges: You were an atheist. You used a wielded weapon 50 times. You read items or engraved 1 time. You put on armor 4 times. You never genocided any monsters. You never polymorphed an object. You never changed form. You used no wishes. You never wrote Elbereth's name. You never encountered a bones level. You never used any Sokoban shortcuts. Dungeon overview: The Dungeons of Doom: levels 1 to 3 Level 1 a long staircase Level 2 a general store, a fountain stairs to The Gnomish Mines Level 3 <- You were here a potion shop The Gnomish Mines: levels 3 to 4 Level 3 stairs to The Dungeons of Doom History has recorded: On T:1 you entered the Dungeons of Doom to retrieve the Amulet of Yendor! On T:276 you reached level 2 of The Dungeons of Doom. On T:327 you reached level 1 of The Gnomish Mines. On T:341 you advanced to experience level 2. On T:355 you advanced to experience level 3. On T:363 you advanced to experience level 4. On T:383 you advanced to experience level 5. On T:850 you advanced to experience level 6. On T:1448 you reached level 3 of The Dungeons of Doom. Latest messages: You hit Klodzko! Klodzko zaps a crusty wand! The wand hits you! Klodzko zaps a wand of striking! The wand misses you. [HP-15=39] You miss Klodzko. Klodzko zaps a wand of striking! The wand hits you! Klodzko zaps a wand of striking! The wand misses you. [HP-10=29] You miss Klodzko. You hit Klodzko! Klodzko zaps a wand of striking! The wand hits you! Klodzko zaps a wand of striking! The wand misses you. [HP-11=18] You hit Klodzko! Klodzko hits! (2x) You die... Klodzko takes all your possessions. Final status: Sayonara Banto the Samurai... You died in The Dungeons of Doom on dungeon level 3 with 1008 points, and 0 pieces of gold, after 1666 moves. You were level 6 with a maximum of 54 hit points when you died.